 Dungeon Crawl Stone Soup version 0.30-a0-1074-g5db6f66fbb (webtiles) character file.

Game seed: 13292705644367300399

40897 bobo the Fighter (level 13, -10/118 HPs)
             Began as a Yellow Draconian Transmuter on Apr 14, 2023.
             Was an Elder of Wu Jian.
             Mangled by a two-headed ogre
             ... wielding a +0 dire flail
              (16 damage)
             ... on level 2 of the Orcish Mines.
             The game lasted 01:00:36 (18146 turns).

bobo the Fighter (Yellow Draconian Transmuter)     Turns: 18146, Time: 01:00:37

Health: -10/118    AC: 12    Str: 13    XL:     13   Next: 77%
Magic:  23/23      EV: 19    Int: 17    God:    Wu Jian [****..]
Gold:   1556       SH:  0    Dex: 19    Spells: 5/26 levels left

rFire   . . .      SeeInvis .      - Unarmed
rCold   . . .      Faith    .    (no shield)
rNeg    . . .      Spirit   .    (body armour unavailable)
rPois   +          Reflect  .    (helmet restricted)
rElec   .          Rampage  .    o - +1 cloak of Bueqi {Will+}
rCorr   +                        (no gloves)
Will    +....                    g - +1 pair of boots
Stlth   ++                       A - amulet of regeneration
HPRegen 1.19/turn                B - ring of poison resistance
MPRegen 0.18/turn                r - +6 ring of dexterity

@: exhausted, invisible
A: spit acid, AC +8, unfitting armour, cold-blooded, acid resistance
a: Breathe Acid, Renounce Religion, Wall Jump, Serpent's Lash


You were on level 2 of the Orcish Mines.
You worshipped Wu Jian.
Wu Jian was greatly pleased with you.
You visited 3 branches of the dungeon, and saw 17 of its levels.
You also visited: Bailey and Volcano.

You collected 2776 gold pieces.
You spent 1220 gold pieces at shops.

Inventory:

Armour
 g - a +1 pair of boots (worn)
 o - the +1 cloak of Bueqi (worn) {Will+}
   (You found it on level 6 of the Dungeon)

   Will:      It increases your willpower.
Jewellery
 k - a ring of protection from fire
 n - a +6 ring of intelligence
 r - a +6 ring of dexterity (right hand)
 A - an amulet of regeneration (around neck)
 B - a ring of poison resistance (left hand)
 C - a ring of protection from cold
Wands
 b - a wand of digging (11)
 i - a wand of iceblast (15)
 p - a wand of charming (7)
 v - a wand of flame (2)
 y - a wand of acid (2)
Scrolls
 h - 2 scrolls of immolation
 w - a scroll of magic mapping
Potions
 a - 4 potions of lignification
 e - a potion of heal wounds
 f - 5 potions of attraction
 j - 4 potions of resistance
 l - 5 potions of curing
 m - 5 potions of mutation
 q - 3 potions of brilliance
 s - a potion of haste {unknown}
 u - 3 potions of flight
 x - a potion of cancellation
 z - 2 potions of might
 D - a potion of invisibility
 E - 2 potions of magic {unknown}


   Skills:
 + Level 12.2 Fighting
 + Level 10.6 Dodging
 + Level 11.6 Unarmed Combat
 - Level 7.0 Spellcasting
 - Level 3.0 Conjurations
 - Level 5.0 Translocations
 - Level 7.0 Transmutations
 - Level 7.0 Ice Magic
 - Level 5.0 Air Magic
 - Level 3.0 Poison Magic


You had 5 spell levels left.
You knew the following spells:

 Your Spells              Type           Power      Damage    Failure   Level
a - Beastly Appendage     Tmut           58%        N/A       1%          1
c - Mephitic Cloud        Conj/Pois/Air  18%        N/A       8%          3
d - Ice Form              Ice/Tmut       29%        N/A       6%          4
r - Swiftness             Air            22%        N/A       4%          3
s - Spider Form           Tmut/Pois      23%        N/A       4%          3
w - Passwall              Tmut/Erth      14%        N/A       4%          2
x - Vhi's Electric Charg  Tloc/Air       44%        N/A       4%          3
z - Wereblood             Tmut           29%        N/A       1%          2

Your spell library contained the following spells:

 Spells                   Type           Power      Damage    Failure   Level
 Lesser Beckoning         Tloc           44%        N/A       2%          2
 Poisonous Vapours        Pois/Air       38%        N/A       3%          2
 Static Discharge         Conj/Air       38%        2-4/arc   3%          2
 Ensorcelled Hibernation  Hex/Ice        34%        N/A       4%          2
 Gell's Gravitas          Tloc           22%        N/A       4%          3
 Teleport Other           Tloc           22%        N/A       4%          3
 Cigotuvi's Dreadful Rot  Necr/Pois/Air  30%        N/A       6%          2
 Necrotise                Necr           20%        1d5       12%         1
 Summon Small Mammal      Summ           20%        N/A       12%         1
 Airstrike                Air            11%        2d(2-18)  14%         4
 Sublimation of Blood     Necr           5%         N/A       17%         2
 Call Canine Familiar     Summ           5%         N/A       34%         3
 Summon Guardian Golem    Hex/Summ       5%         N/A       34%         3
 Vampiric Draining        Necr           5%         2d6       34%         3
 Summon Lightning Spire   Summ/Air       14%        N/A       38%         4
 Freezing Cloud           Conj/Ice/Air   11%        6-21      38%         5
 Arcjolt                  Conj/Air       9%         1d19      52%         5
 Dispel Undead            Necr           5%         3d7       75%         4
 Agony                    Necr           5%         N/A       97%         5
 Plasma Beam              Fire/Air       7%         2x1d19    99%         6
 Death Channel            Necr           2%         N/A       100%        6
 Summon Hydra             Summ           2%         N/A       100%        7


Dungeon Overview and Level Annotations

Branches:
Dungeon (11/15)            Temple (0/1) D:6            Lair (4/5) D:9
 Shoals (0/4) Lair:2       Spider (0/4) Lair:3          Orc (2/2) D:10
    Elf (0/3) Orc:2        Bailey (visited)         Volcano (visited)
  Slime: Lair:4-5

Altars:
Dithmenos
Gozag
Hepliaklqana
Kikubaaqudgha
Okawaru
Trog
Vehumet
Wu Jian
Zin

Shops:
D:5 !   Orc:1 =*   Orc:2 =

Annotations:
D:7 3 runed translucent doors, a3don's ghost, novice GnIE
Lair:3 exclusion: downstairs


Innate Abilities, Weirdness & Mutations

You can spit globs of acid.
Your golden yellow scales are hard. (AC +8)
You cannot fit into any form of body armour.
You are cold-blooded and may be slowed by cold attacks.
You are resistant to acid. (rCorr)


Message History

The two-headed ogre misses you.
The two-headed ogre completely misses you.
The two-headed ogre hits you with a +0 dire flail!
* * * LOW HITPOINT WARNING * * *
The two-headed ogre misses you.
You spin and attack the two-headed ogre.
You punch the two-headed ogre! You freeze the two-headed ogre.
The two-headed ogre is almost dead.
The two-headed ogre closely misses you.
The two-headed ogre hits you with a +0 giant club.
* * * LOW HITPOINT WARNING * * *
Okay, then.
Unknown command.
Aiming: Corrosive Bolt
Press: ? - help, Shift-Dir - straight line, f - two-headed ogre
Aim: a two-headed ogre, wielding a +0 dire flail and a +0 giant club (unable to see you, 86% to hit)
The bolt of acid misses the two-headed ogre.
The bolt of acid hits the two-headed ogre!
The acid corrodes the two-headed ogre!
You kill the two-headed ogre!
The Council accepts your kill.
The bolt of acid hits the two-headed ogre!
The acid corrodes the two-headed ogre!
The two-headed ogre is moderately wounded.
The two-headed ogre completely misses you.
The two-headed ogre misses you. The two-headed ogre closely misses you.
The two-headed ogre hits you with a +0 giant club!
* * * LOW HITPOINT WARNING * * *
Your Conjurations skill increases to level 3!
Your Poison Magic skill increases to level 3!
Unknown command.
As you read the scroll of fog, it crumbles to dust.
The scroll dissolves into smoke.
You warm up again.
The +1 cloak of Bueqi {Will+} unmelds from your body.
Your +1 pair of boots unmelds from your body.
The two-headed ogre hits you with a +0 dire flail!
* * * LOW HITPOINT WARNING * * *
The two-headed ogre hits you with a +0 giant club!
You die...

#########################
###.#..#...#.....#.#....#.# #
####........§OO§..............
####.#.........§@OO.....)........
.##.........#..§§OO...........O..
##...............................
###..............................
###....###.......................
......###........................
....### #....#...................
....# ....#....................
##.## #................ ......


You could see 4 two-headed ogres and 2 ogres.

Vanquished Creatures
  Snorg (D:10)
  2 hydras (Lair:4)
  2 ogre magi (Orc:2)
  9 two-headed ogres
  A death yak (Lair:2)
  An orc high priest (Orc:2)
  Sonja (D:10)
  3 skysharks
  An orc knight (Orc:1)
  An orc sorcerer (Orc:2)
  5 elephants (Lair:3)
  3 black mambas (Lair:3)
  A torpor snail (Lair:2)
  18 cane toads
  A rime drake (Lair:2)
  2 komodo dragons (Lair:4)
  3 trolls
  5 dream sheep (Lair:3)
  8 blink frogs (Lair:1)
  5 wyverns
  A basilisk (Lair:1)
  5 steam dragons
  47 yaks
  3 wargs
  11 water moccasins
  11 orc warriors
  A sky beast (D:6)
  19 ogres
  5 black bears
  2 centaurs
  2 wolves (D:9)
  A kobold brigand (D:7)
  2 phantoms
  13 bullfrogs
  2 scorpions (D:5)
  5 wights (D:9)
  7 killer bees (D:8)
  An electric eel (D:9)
  9 jellies
  9 hounds
  A gnoll bouda (D:10)
  10 orc priests
  3 iguanas (D:5)
  14 orc wizards
  4 gnolls (D:10)
  10 adders
  A shadow imp (D:3)
  3 white imps
  3 worms
  A dart slug (D:1)
  46 orcs
  5 ball pythons
  6 endoplasms
  A giant cockroach (D:2)
  3 goblins (D:1)
  10 hobgoblins
  9 jackals
  7 bats
  A frilled lizard (D:1)
  9 kobolds
  5 rats
381 creatures vanquished.

Vanquished Creatures (collateral kills)
  A killer bee (D:8)
1 creature vanquished.

Vanquished Creatures (others)
  3 killer bees (D:8)
  An orc (D:9)
  27 fungi
  17 plants
48 creatures vanquished.

Grand Total: 430 creatures vanquished

Notes
Turn   | Place    | Note
-------+----------+-------------------------------------------
     0 | D:1      | bobo the Draconian Transmuter began the quest for the Orb.
     0 | D:1      | Reached XP level 1. HP: 16/16 MP: 3/3
   148 | D:1      | Reached XP level 2. HP: 18/23 MP: 3/5
   151 | D:1      | Learned a level 2 spell: Wereblood
   775 | D:2      | Reached XP level 3. HP: 27/29 MP: 4/6
   895 | D:2      | Reached skill level 2 in Fighting
  1119 | D:2      | Reached XP level 4. HP: 35/36 MP: 4/7
  1294 | D:3      | Found an ornate altar of the Wu Jian Council.
  1306 | D:3      | Found an ancient bone altar of Kikubaaqudgha.
  1315 | D:3      | Became a worshipper of the Wu Jian Council
  1442 | D:3      | Learned a level 4 spell: Ice Form
  2394 | D:4      | Noticed a phantom
  2551 | D:4      | Killed a phantom
  2552 | D:4      | Reached XP level 5. HP: 33/42 MP: 9/9
  2635 | D:4      | You fall into a shaft and drop 3 floors!
  2684 | D:7      | Reached skill level 1 in Ice Magic
  2806 | D:6      | Noticed a sky beast
  2845 | D:6      | Learned a level 2 spell: Passwall
  2847 | D:5      | Entered Level 5 of the Dungeon
  2882 | D:5      | Reached skill level 3 in Fighting
  2882 | D:5      | Reached XP level 6. HP: 17/51 MP: 10/10
  3248 | D:6      | Reached * piety under Wu Jian
  3383 | D:6      | Your scales start taking on a golden yellow colour.
  3383 | D:6      | Reached XP level 7. HP: 38/57 MP: 12/12
  3383 | D:6      | Gained mutation: You are resistant to acid. (rCorr) [Yellow
                  | Draconian growth]
  3454 | D:6      | Found a staircase to the Ecumenical Temple.
  3919 | D:4      | Reached skill level 4 in Fighting
  4593 | D:5      | Reached XP level 8. HP: 66/66 MP: 13/13
  4671 | D:5      | Reached skill level 5 in Unarmed Combat
  4852 | D:5      | Found a hazy altar of Hepliaklqana.
  4872 | D:5      | Found Ycoif's Distillery.
  4932 | D:5      | Bought a potion of might for 44 gold pieces
  4932 | D:5      | Bought a potion of curing for 33 gold pieces
  4997 | D:5      | Found a glowing silver altar of Zin.
  4997 | D:5      | Found an iron altar of Okawaru.
  5135 | D:6      | Identified the +1 ring mail "Hosexkoff" {rC- Regen+ Dex+4}
  5196 | D:6      | Reached ** piety under Wu Jian
  5335 | D:6      | Reached skill level 5 in Fighting
  5586 | D:6      | Identified the +1 cloak of Bueqi {Will+}
  5781 | D:7      | Found a runed translucent gate.
  5781 | D:7      | Found a runed translucent gate.
  5781 | D:7      | Found a runed translucent gate.
  5782 | D:7      | Noticed a3don's ghost (novice GnIE)
  5838 | D:7      | Reached skill level 5 in Transmutations
  5869 | D:7      | Reached XP level 9. HP: 63/74 MP: 16/16
  6014 | D:7      | Found a radiant altar of Vehumet.
  6212 | D:7      | Reached skill level 5 in Dodging
  6225 | D:7      | Reached skill level 5 in Spellcasting
  6645 | D:8      | Reached skill level 6 in Fighting
  6687 | D:8      | Reached skill level 5 in Ice Magic
  6842 | D:8      | Found a flagged portal.
  6862 | Bailey   | Entered a bailey
  7464 | D:8      | Noticed a troll
  7472 | D:8      | Killed a troll
  7473 | D:8      | Reached XP level 10. HP: 73/84 MP: 18/18
  7686 | D:8      | Learned a level 3 spell: Swiftness
  8382 | D:9      | Noticed a two-headed ogre
  8937 | D:10     | Entered Level 10 of the Dungeon
  8937 | D:10     | Noticed Sonja
  8946 | D:10     | Killed Sonja
  8947 | D:10     | Reached skill level 7 in Fighting
  9236 | D:10     | Reached *** piety under Wu Jian
  9340 | D:10     | Found a shadowy altar of Dithmenos.
  9390 | D:10     | Noticed Snorg
  9403 | D:10     | HP: 1/86 [Snorg (7)]
  9404 | D:10     | Killed Snorg
  9762 | D:10     | Reached XP level 11. HP: 94/94 MP: 21/21
  9811 | D:10     | Found a staircase to the Orcish Mines.
  9846 | D:10     | Reached skill level 8 in Fighting
 10308 | D:10     | Found an opulent altar of Gozag.
 10308 | D:10     | Found a bloodstained altar of Trog.
 10452 | D:9      | Killed a two-headed ogre
 10600 | D:9      | Found a staircase to the Lair.
 10744 | Lair:1   | Entered Level 1 of the Lair of Beasts
 10764 | Lair:1   | Found a dark tunnel.
 10772 | Lair:1   | Learned a level 1 spell: Beastly Appendage
 10774 | Volcano  | Entered a volcano
 10779 | Volcano  | Learned a level 3 spell: Spider Form
 10791 | Volcano  | Noticed a two-headed ogre
 10798 | Volcano  | Killed a two-headed ogre
 10867 | Volcano  | Noticed a red draconian
 10882 | Volcano  | Noticed a two-headed ogre
 10882 | Volcano  | Noticed a two-headed ogre
 10882 | Volcano  | Noticed an ogre mage
 10889 | Volcano  | Noticed a two-headed ogre
 11359 | Lair:1   | Reached skill level 9 in Fighting
 11592 | Lair:1   | Learned a level 3 spell: Vhi's Electric Charge
 11648 | Lair:1   | Reached skill level 1 in Translocations
 11648 | Lair:1   | Reached skill level 1 in Air Magic
 12140 | Lair:1   | Reached XP level 12. HP: 97/106 MP: 13/22
 12426 | Lair:2   | Noticed a death yak
 12453 | Lair:2   | Killed a death yak
 12899 | Lair:2   | Identified the +9 trident "Zamnothueli" {protect, rCorr}
 12947 | Lair:2   | Found a staircase to the Shoals.
 12975 | Lair:2   | Reached skill level 10 in Fighting
 14121 | Lair:3   | Found a hole to the Spider Nest.
 14300 | Lair:3   | HP: 1/107 [disintegration (71)]
 14639 | Lair:3   | Reached skill level 10 in Unarmed Combat
 15005 | Lair:3   | Reached **** piety under Wu Jian
 15082 | Lair:3   | Reached skill level 5 in Translocations
 15328 | Lair:3   | Reached skill level 5 in Air Magic
 15844 | Lair:4   | Reached skill level 11 in Fighting
 15847 | Lair:4   | Reached XP level 13. HP: 114/116 MP: 15/23
 16281 | Lair:4   | Learned a level 3 spell: Mephitic Cloud
 16900 | Lair:4   | Identified a scroll of acquirement
 16900 | Lair:4   | Acquired 1016 gold pieces
 17084 | Lair:4   | Reached skill level 10 in Dodging
 17323 | Orc:1    | Entered Level 1 of the Orcish Mines
 17414 | Orc:1    | Found Jomavo's Overcharged Wands.
 17503 | Orc:1    | Bought a wand of digging (11) for 693 gold pieces
 17643 | Orc:1    | Found Ysonoew's Jewellery Shoppe.
 17651 | Orc:1    | Bought an amulet of regeneration for 450 gold pieces
 17663 | Orc:2    | Entered Level 2 of the Orcish Mines
 17834 | Orc:2    | Reached skill level 1 in Poison Magic
 17886 | Orc:2    | Found a staircase to the Elven Halls.
 18006 | Orc:2    | Paralysed by an orc sorcerer for 2 turns
 18011 | Orc:2    | Reached skill level 1 in Conjurations
 18052 | Orc:2    | Reached skill level 12 in Fighting
 18076 | Orc:2    | Found Guurphel's Jewellery Shoppe.
 18146 | Orc:2    | Mangled by a two-headed ogre

Illustrated notes

Levels and vault maps discovered:
D:1:      psy_arrival_dodecagon, layout_basic, grunt_decor_fettered
D:2:      layout_basic
D:3:      layout_basic, mainiacjoe_overflow_large_starburst,
          minmay_misc_feat_plants, st_stairs_7
D:4:      layout_layer_cave, grunt_ministairs_7, kennysheep_generic_room_16
D:5:      layout_rooms, gammafunk_temple_overflow_statue,
          mainiacjoe_overflow_cross_hatched, serial_shops, shop,
          dreamdust_mushroom_princess
D:6:      layout_basic, minmay_temple_entry_trees
D:7:      layout_gridville, mainiacjoe_overflow_24_doors,
          gammafunk_ghost_necromancy
D:8:      layout_basic, enter_bailey_1
D:9:      kennysheep_steamy, layout_layer_cave, erik_lair_island
D:10:     layout_roguey, mainiacjoe_overflow_paths,
          gammafunk_temple_overflow_pools, uniq_sonja, uniq_snorg
D:11:     layout_long_grid, serial_shops, shop, nicolae_shop_advertising_works
          [nicolae_subvault_shop_adworks]
Lair:1:   layout_loops_ring, nicolae_volcano_entry_hallway
Lair:2:   layout_gridlike, shoals_dummy_entry
Lair:3:   layout_roguey, nicolae_spider_entry_orb_guardian, grunt_megastairs_4
Lair:4:   layout_cave_shapes, minmay_slime_entry_pillars, special_room
          [special_room_bee], beast_lair_carwin_7
Orc:1:    layout_caves, serial_shops, nicolae_shop_statue_plus,
          nicolae_shop_overcharged_wands
Orc:2:    st_orc_ogre_mass, layout_caves, serial_shops, shop_fountains,
          nicolae_orc_crystal_geode, uniq_nessos

Skill      XL: |  1  2  3  4  5  6  7  8  9 10 11 12 13 |
---------------+----------------------------------------+-----
Dodging        | 2 3 4 5 6 8 9 10 | 10.6
Fighting       | 2 3 4 5 6 7 9 11 12 | 12.2
Transmutations | 3 4 5 6 7 |  7.0
Ice Magic      | 1 2 3 4 5 6 7 |  7.0
Spellcasting   | 3 4 5 6 7 |  7.0
Unarmed Combat | 4 5 6 7 9 10 11 | 11.6
Translocations | 2 5 |  5.0
Air Magic      | 2 5 |  5.0
Poison Magic   | 3 |  3.0
Conjurations   | 3 |  3.0

Action                     |  1- 3 |  4- 6 |  7- 9 | 10-12 | 13-15 || total
---------------------------+-------+-------+-------+-------+-------++-------
  Melee: Unarmed           |    87 |   170 |   261 |   547 |   207 ||  1272
         Kick              |    19 |    59 |    31 |       |       ||   109
         Tailslap          |     7 |    21 |    23 |     5 |     2 ||    58
         Headbutt          |    13 |    27 |    20 |       |       ||    60
         Punch             |       |     6 |     4 |       |     2 ||    12
   Cast: Beastly Appendage |    20 |    30 |    26 |       |       ||    76
         Wereblood         |     3 |     5 |    13 |    19 |    10 ||    50
         Ice Form          |       |       |    17 |    48 |    15 ||    80
         Swiftness         |       |       |       |     1 |       ||     1
         Vhi's Electric Ch |       |       |       |     5 |       ||     5
         Spider Form       |       |       |       |     3 |       ||     3
         Mephitic Cloud    |       |       |       |       |     2 ||     2
         Passwall          |       |       |       |       |     1 ||     1
 Invoke: Serpent's Lash    |       |       |       |     8 |     8 ||    16
Ability: Lunge             |       |    18 |    38 |    61 |    33 ||   150
         Whirlwind         |       |       |    29 |   135 |    55 ||   219
         Breathe Acid      |       |       |    12 |     1 |     3 ||    16
         End Transformatio |       |       |     4 |     3 |       ||     7
         Wall Jump         |       |       |     2 |    13 |     5 ||    20
  Evoke: Wand              |       |     1 |    10 |    15 |    14 ||    40
    Use: Scroll            |       |     5 |    12 |    11 |     8 ||    36
         Potion            |       |       |     1 |     5 |     1 ||     7
   Stab: Invisible         |       |       |       |       |     2 ||     2
 Armour: Skin              |    24 |    39 |    83 |    98 |    12 ||   256
  Dodge: Dodged            |    56 |   105 |   147 |   269 |    85 ||   662

Table legend: (Time is in decaauts)
 A = Elapsed time spent in this place.
 B = Non-inter-level travel time spent in this place.
 C = Inter-level travel time spent in this place.
 D = Time resting spent in this place.
 E = Time spent auto-exploring this place.
 F = Levels seen in this place.
 G = Mean time per level.
                   A        B        C        D        E       F      G
               +--------+--------+--------+--------+--------+-----+--------+
         Total |  18078 |  17327 |    751 |   2057 |  11872 |  19 |  951.5 |
       Dungeon |  10812 |  10258 |    554 |    789 |   7311 |  11 |  982.9 |
          Lair |   6247 |   6054 |    193 |   1254 |   4033 |   4 | 1561.8 |
  Orcish Mines |    816 |    812 |      4 |      0 |    481 |   2 |  408.0 |
        Bailey |     68 |     68 |      0 |     12 |      0 |   1 |   68.0 |
       Volcano |    134 |    134 |      0 |      2 |     47 |   1 |  134.0 |
               +--------+--------+--------+--------+--------+-----+--------+

Top non-repeatable levels by time:
  Lair:3: 1989 daAuts
     D:9: 1633 daAuts
    D:10: 1587 daAuts
  Lair:1: 1533 daAuts
     D:6: 1488 daAuts
  Lair:4: 1443 daAuts
     D:4: 1316 daAuts
  Lair:2: 1281 daAuts
     D:3: 1048 daAuts
     D:8: 987 daAuts
     D:7: 946 daAuts
     D:2: 648 daAuts
     D:1: 598 daAuts
     D:5: 554 daAuts
   Orc:2: 478 daAuts
